 Dungeon Crawl Stone Soup version 0.20-a0-369-g71b9d6e (webtiles) character file.

128 snakesoul the Slasher (level 4, -6/41 HPs)
             Began as a Minotaur Fighter on Dec 27, 2016.
             Was an Initiate of Okawaru.
             Killed by nerve-wracking pain
             ... invoked by Grinder
              (14 damage)
             ... on level 4 of the Dungeon.
             The game lasted 00:03:26 (2770 turns).

snakesoul the Slasher (Minotaur Fighter)            Turns: 2770, Time: 00:03:27

Health: -6/41      AC:  8    Str: 20    XL:     4   Next: 86%
Magic:  12/12      EV:  7    Int:  5    God:    Okawaru [......]
Gold:   147        SH: 11    Dex: 11    Spells: 3/3 levels left

rFire  + . .     SeeInvis .     a - +0 long sword
rCold  x . .     Gourm    .     b - +0 scale mail
rNeg   . . .     Faith    .     c - +0 shield
rPois  .         Spirit   .     (helmet restricted)
rElec  .         Reflect  +     r - +0 cloak
rCorr  .         Harm     .     (no gloves)
MR     .....                    (no boots)
Stlth  ..........               x - +2 amulet of reflection
                                l - ring of magical power
                                i - ring of fire

@: no status effects
A: retaliatory headbutt, horns 2
a: Renounce Religion


You were on level 4 of the Dungeon.
You worshipped Okawaru.
Okawaru was noncommittal.
You were not hungry.

You visited 2 branches of the dungeon, and saw 5 of its levels.

You collected 147 gold pieces.

Inventory:

Hand Weapons
 a - a +0 long sword (weapon)
Armour
 b - a +0 scale mail (worn)
 c - a +0 shield (worn)
 r - a +0 cloak (worn)
Jewellery
 i - a ring of fire (left hand)
 l - a ring of magical power (right hand)
 x - a +2 amulet of reflection (around neck)
Wands
 t - a wand of lightning (6/15)
Scrolls
 e - 11 scrolls of identify {unknown}
 g - 6 scrolls of remove curse {unknown}
 j - a scroll of recharging {unknown}
 k - a scroll of immolation {unknown}
 p - a scroll of enchant armour {unknown}
 q - a scroll of teleportation {unknown}
Potions
 d - a potion of might
 h - a potion of invisibility {unknown}
 m - a potion of cancellation {unknown}
 o - 2 potions of agility {unknown}
 s - a potion of resistance {unknown}
 v - a potion of curing {unknown}
Books
 w - a book of Minor Magic

   Spells                             Type                      Level
   a - Magic Dart                     Conjuration                  1
   b - Blink                          Translocation                2
   c - Call Imp                       Summoning                    2
   d - Repel Missiles                 Charms/Air                   2
   e - Slow                           Hexes                        2
   f - Conjure Flame                  Conjuration/Fire             3
   g - Mephitic Cloud                 Conjuration/Poison/Air       3
Comestibles
 f - 5 bread rations
 n - 2 chunks of flesh
 u - 5 fruits


   Skills:
 + Level 4.6 Fighting
 * Level 5.5 Long Blades
 - Level 3.6 Armour
 - Level 3.6 Shields


You had 3 spell levels left.
You didn't know any spells.

Dungeon Overview and Level Annotations

Branches:
Dungeon (4/15)             Temple (1/1) D:4

Altars:
Elyvilon
Hepliaklqana
Kikubaaqudgha
Okawaru
Qazlal
Xom
Yredelemnul
The Shining One

Annotations:
D:4 Grinder


Innate Abilities, Weirdness & Mutations

You reflexively headbutt those who attack you in melee.
You have a pair of horns on your head.


Message History

f - 5 bread rations (gained 1) Grinder comes into view.
Grinder shouts!
Grinder hits you.
You writhe in agony.
You hit Grinder.
Grinder is lightly wounded.
Grinder says, "My boss said I was rubbish.
His entrails said otherwise."
Grinder hits you!
You writhe in agony.
You are too injured to fight recklessly!
You are too injured to fight recklessly!
You barely miss Grinder.
Grinder is lightly wounded.
Grinder says, "Tell me all your secrets, or I'll kill you."
Grinder hits you!
* * * LOW HITPOINT WARNING * * *
You writhe in agony.
* * * LOW HITPOINT WARNING * * *
Grinder gestures at you. Pain shoots through your body!
You die...

# .....#.#####.
.###...#.# #.
#.........# ##.
##........######..
#.............#...
##....#............
..............#...
#5...#...(....##..
#@............###.
#..#..........# #.
#..#.....[....###.
#.................
#.##...........###
#.##...........#
#.###..........#
#....#..<.....>###
#####........#....


You could see Grinder.

Vanquished Creatures
  A gnoll (D:3)
  5 adders
  A howler monkey skeleton (D:4)
  A worm (D:2)
  A dart slug (D:1)
  An orc (D:3)
  7 bats
  A giant cockroach (D:2)
  7 goblins
  8 hobgoblins
  11 kobolds
  A quokka (D:3)
  3 ball pythons
  2 frilled lizards
  13 rats
63 creatures vanquished.

Notes
Turn   | Place    | Note
-------+----------+-------------------------------------------
     0 | D:1      | snakesoul the Minotaur Fighter began the quest for the Orb.
     0 | D:1      | Reached XP level 1. HP: 19/19 MP: 0/0
   105 | D:1      | Reached skill level 3 in Long Blades
   105 | D:1      | Reached XP level 2. HP: 27/27 MP: 1/1
   704 | D:2      | Reached skill level 4 in Long Blades
   704 | D:2      | Reached XP level 3. HP: 15/33 MP: 2/2
  1725 | D:3      | Reached XP level 4. HP: 40/40 MP: 3/3
  2094 | D:3      | Reached skill level 5 in Long Blades
  2345 | D:3      | Found a basalt altar of Yredelemnul.
  2346 | D:3      | Found a stormy altar of Qazlal.
  2660 | D:4      | Found a staircase to the Ecumenical Temple.
  2670 | Temple   | Entered the Ecumenical Temple
  2680 | Temple   | Became a worshipper of Warmaster Okawaru
  2765 | D:4      | Noticed Grinder
  2770 | D:4      | Killed from afar by Grinder

Vault maps used:
D:1:      lightli_arrival_farm, minmay_tiny_reverse_x
D:2:      minmay_wonky_spiral
D:3:      gammafunk_temple_overflow_statue
D:4:      cheibriados_altar_wand_db, first_bread, uniq_duvessa, uniq_grinder
Temple:   regret_index_temple_mists

Skill      XL: |  1  2  3  4 |
---------------+-------------+-----
Long Blades    | 3 4 5 |  5.5
Fighting       | 4 |  4.6
Armour         | |  3.6
Shields        | |  3.6

Action                   |  1- 3 |  4- 6 || total
-------------------------+-------+-------++-------
Melee: Long sword        |    95 |    40 ||   135
       Headbutt          |    17 |     3 ||    20
  Eat: Chunk             |     3 |     3 ||     6
Armor: Scale mail        |    40 |    11 ||    51
Dodge: Dodged            |    22 |    11 ||    33
Block: Shield            |    45 |    18 ||    63
       Rpst.: Long sword |     4 |     1 ||     5
